AoeStats
← Dd

African Clearing

510485506Analyzed
4v4 RM · 24h ago on Oct 1, 2026· 37m 9s· 8 players
Game mode
Random Map
Map size
Large (8 player)
Population
200
Speed
Normal
Resources
Standard
Victory
Conquest
Starting age
Dark Age
Ending age
Imperial Age
RankedLock teamsTeams togetherTeam positionsShared explorationLock speedFull tech treeHidden civsTurbo modeCheats
Victory
Defeat
🇺🇸 Huns · United States
1573
+8
🇨🇳 Gurjaras · China
1568
+8
🇭🇰 Koreans · Hong Kong SAR China
1335
+17
🇪🇸 Mongols · Spain
1262
+20
🇨🇳 Huns · China
1420
-15
🇦🇷 Berbers · Argentina
1370
-13
🇺🇸 Burmese · United States
1367
-13
🇭🇰 Mongols · Hong Kong SAR China
1351
-12
Just for fun
6:18 Loom
13:36 Feudal Age
17:09 Castle Age
15:03 Double-Bit Axe
18:17 Bow Saw
18:22 Horse Collar
19:03 Heavy Plow
19:39 Town Watch
felixaleman1010
11:56 Loom
13:42 Feudal Age
18:36 Castle Age
18:43 Double-Bit Axe
28:01 Fletching
Dd
9:20 Loom
11:05 Feudal Age
17:33 Castle Age
19:46 Fletching
19:58 Padded Archer Armor
22:29 Husbandry
22:18 Double-Bit Axe
26:56 Thumb Ring
30:06 Bodkin Arrow
Danilo Solari
10:37 Loom
13:39 Feudal Age
15:19 Fletching
16:05 Padded Archer Armor
Leopard
4:51 Loom
14:15 Feudal Age
18:22 Castle Age
16:51 Double-Bit Axe
22:29 Fletching
25:44 Bodkin Arrow
Panchi
4:27 Loom
14:17 Feudal Age
18:41 Castle Age
16:37 Double-Bit Axe
16:57 Gold Mining
20:23 Bow Saw
22:42 Fletching
23:19 Town Watch
24:58 Horse Collar
25:51 Bodkin Arrow
32:13 Wheelbarrow
34:33 Hand Cart
我是你巴巴
13:03 Feudal Age
16:51 Castle Age
14:54 Double-Bit Axe
15:45 Scale Barding Armor
15:54 Forging
17:50 Bow Saw
18:48 Town Watch
19:18 Loom
20:46 Wheelbarrow
21:33 Horse Collar
24:00 Heavy Plow
27:10 Gold Mining
29:55 Gold Shaft Mining
29:12 Stone Mining
32:14 Imperial Age
29:51 Husbandry
30:03 Scale Barding Armor
31:06 Hand Cart
31:33 Kshatriyas
31:51 Chain Barding Armor
32:08 Bloodlines
32:34 Iron Casting
32:44 Elite Shrivamsha Rider
34:05 Plate Barding Armor
34:01 Conscription
34:21 Crop Rotation
35:07 Siege Elephant
Benedict Cucumberpatch
8:22 Loom
12:02 Feudal Age
13:31 Double-Bit Axe
16:01 Fletching
23:43 Castle Age
22:15 Padded Archer Armor
22:42 Gold Mining
22:33 Horse Collar
23:42 Bloodlines
25:23 Wheelbarrow
35:59 Town Watch
Connection lost

Rejoining the realm…

Still unreachable

The connection could not be restored.

Session expired

The server has moved on; the page needs a fresh start.